Map: Catalyst LE

Players

FeaR

  • Race: Protoss Protoss
  • Spawn Location: 11:00

DeMusliM - Winner!

  • Race: Terran Terran
  • League: Master
  • Spawn Location: 5:00

Event: HomeStory Cup XVII

VOD

Have the link to the VOD?

Description

Time

  • Played on: June 29, 2018, 11:04 a.m.
  • Length: 17:12

All games in this series

Show
View Real Time Build Order
Export as new Build Order

FeaR Protoss 

Build Orders: Phoenix Opening 

Get SALT Encoding   

  12  0:00  Probe  
  13  0:12  Probe  
  14  0:17  Pylon  
  14  0:24  Probe  
  15  0:32  Probe  
  15  0:36  Gateway  
  15  0:40  Probe  
  16  0:45  Assimilator  
  17  0:51  Probe  
  18  1:03  Probe  
  19  1:15  Probe  
  20  1:23  Cybernetics Core  
  20  1:24  Zealot  
  22  1:27  Probe  
  22  1:29  Pylon  
  22  1:30  Assimilator  
  23  1:47  Probe  
  24  1:51  Adept  
  26  2:08  Nexus  
  26  2:22  Adept  
  28  2:26  Stargate  
  28  2:27  Warp Gate  
  27  2:36  Probe  
  28  2:48  Probe  
  28  2:49  Stalker  
  28  2:50  Pylon  
  31  3:02  Phoenix  
  31  3:08  Probe  
  34  3:18  Stalker  
  36  3:20  Probe x2  
  36  3:23  Phoenix  
  38  3:32  Probe  
  41  3:34  Probe  
  42  3:43  Pylon  
  42  3:44  Probe  
  43  3:48  Phoenix  
  43  3:51  Probe  
  46  3:57  Probe  
  47  4:03  Probe  
  47  4:08  Phoenix  
  47  4:09  Probe  
  49  4:15  Probe  
  52  4:21  Probe  
  52  4:22  Shield Battery  
  53  4:27  Probe  
  54  4:31  Gateway  
  54  4:33  Gateway  
  54  4:34  Probe  
  54  4:37  Oracle  
  57  4:47  Probe  
  57  4:48  Probe, Shield Battery  
  60  4:59  Probe, Stalker  
  62  5:02  Pylon  
  62  5:17  Nexus  
  62  5:19  Pylon  
  62  5:23  Probe x2  
  62  5:26  Pylon  
  62  5:27  Phoenix  
  66  5:35  Probe x2  
  67  5:39  Twilight Council  
  68  5:44  Phoenix  
  68  5:45  Assimilator  
  68  5:47  Assimilator, Probe x2  
  72  5:59  Probe  
  72  6:00  Probe  
  74  6:06  Sentry  
  74  6:08  Zealot x2  
  80  6:11  Probe  
  80  6:14  Probe  
  80  6:16  Pylon  
  80  6:17  Phoenix  
  84  6:18  Pylon  
  84  6:20  Pylon  
  84  6:23  Probe  
  85  6:29  Probe  
  85  6:31  Probe  
  87  6:35  Probe  
  88  6:42  Zealot x3  
  88  6:43  Probe  
  88  6:44  Probe  
  96  6:48  Probe  
  97  6:54  Phoenix  
  97  6:55  Probe  
  97  6:56  Probe  
  97  7:00  Probe  
  102  7:07  Probe  
  102  7:08  Gateway, Probe  
  104  7:09  Gateway  
  104  7:11  Gateway  
  104  7:13  Gateway  
  104  7:18  Zealot x3  
  101  7:24  Probe x2  
  101  7:26  Probe, Pylon  
  104  7:30  Robotics Facility  
  104  7:38  Templar Archives  
  104  7:39  Assimilator  
  104  7:42  Pylon  
  104  7:43  Zealot x3  
  110  7:48  Probe x3  
  110  7:50  Assimilator  
  113  7:53  Psionic Storm  
  113  8:08  Charge, Zealot x4  
  113  8:09  Zealot x3  
  113  8:10  Immortal  
  113  8:11  Pylon  
  131  8:26  Forge  
  131  8:28  Forge  
  131  8:32  High Templar x3  
  131  8:33  High Templar  
  139  8:49  Immortal  
  139  8:51  High Templar  
  139  8:53  Probe x2  
  147  9:04  Pylon, Protoss Ground Weapons Level 1  
  147  9:05  Protoss Ground Armor Level 1  
  147  9:06  Pylon  
  147  9:07  Pylon  
  147  9:08  Pylon  
  147  9:10  Pylon  
  147  9:12  Pylon  
  145  9:18  Pylon  
  145  9:21  Immortal  
  121  9:29  Probe  
  116  9:33  Probe  
  116  9:36  Probe  
  116  9:38  Zealot x7  
  130  9:45  Probe x2  
  135  9:47  Nexus  
  135  9:49  Blink, Pylon  
  136  9:52  Robotics Bay  
  136  9:56  Robotics Facility  
  136  9:58  Probe  
  136  9:59  Probe  
  138  10:02  High Templar  
  138  10:03  Observer  
  141  10:07  High Templar  
  143  10:22  Probe x2  
  143  10:25  Zealot x5  
  149  10:29  Probe  
  149  10:30  Assimilator  
  149  10:33  Protoss Ground Weapons Level 2  
  149  10:34  Assimilator, Probe x2, Protoss Ground Armor Level 2  
  152  10:36  Extended Thermal Lance, Pylon  
  152  10:38  Zealot  
  152  10:41  Zealot  
  156  10:45  Colossus  
  156  10:46  Colossus, Probe  
  157  11:23  Sentry, Stalker x3  
  157  11:24  Stalker x3  
  161  11:35  Photon Cannon  
  161  11:36  Shield Battery  
  161  11:46  Nexus  
  159  11:48  Pylon  
  159  11:52  Stalker x6  
  159  11:53  Stalker  
  168  12:21  Zealot x6  
  168  12:22  Colossus, Zealot  
  154  12:30  Probe  
  154  12:35  Probe  
  154  12:36  Probe x2  
  154  12:42  Immortal, Probe  
  157  12:47  Probe  
  157  12:48  Probe  
  157  12:49  High Templar x3  
  157  12:50  High Templar  
  165  12:51  High Templar  
  165  12:52  Protoss Ground Weapons Level 3  
  165  12:53  Protoss Ground Armor Level 3  
  165  12:56  Photon Cannon  
  165  12:58  Shield Battery  
  167  13:04  Zealot x2  
  171  13:06  Immortal  
  171  13:12  Immortal  
  164  13:27  Stalker x6  
  164  13:28  Stalker  
  178  13:38  Nexus  
  176  13:43  Pylon  
  176  13:47  Pylon  
  176  13:48  Pylon  
  171  13:56  Pylon  
  156  14:05  Warp Prism  
  150  14:10  Stalker x3  
  150  14:12  Dark Shrine  
  156  14:23  Stalker x4  
  158  14:34  Disruptor  
  147  14:52  Disruptor  
  144  15:02  Stalker x7  
  150  15:23  Pylon  
  150  15:25  Pylon  
  150  15:27  Pylon  
  150  15:29  Pylon  
  150  15:30  Pylon  
  150  15:33  Pylon  
  150  15:35  Pylon  
  148  15:42  Dark Templar x2  
  149  15:43  Dark Templar x3  
  156  16:04  Pylon  
  156  16:06  Pylon  
  156  16:09  Pylon  
  156  16:11  Pylon  
  127  16:12  Pylon  
  110  16:21  Zealot x2  
  110  16:22  Zealot  
  77  16:49  Archon  
  77  16:50  Archon  
Show
View Real Time Build Order
Export as new Build Order

DeMusliM Terran - Winner!

Build Orders: MMM Bio 

Get SALT Encoding   

  12  0:00  SCV  
  13  0:13  SCV  
  14  0:18  Supply Depot  
  14  0:25  SCV  
  15  0:40  SCV  
  15  0:41  Barracks  
  16  0:47  Refinery  
  16  0:52  SCV  
  17  0:57  Refinery  
  17  1:04  SCV  
  18  1:16  SCV  
  19  1:28  Orbital Command, Reaper  
  20  1:38  Supply Depot  
  20  1:47  Factory  
  21  1:54  SCV  
  21  2:06  SCV  
  22  2:21  SCV  
  23  2:30  Factory Reactor  
  23  2:39  Command Center, SCV  
  24  2:56  SCV  
  25  3:00  Supply Depot  
  25  3:06  Cyclone x2  
  31  3:22  SCV  
  31  3:23  Supply Depot  
  32  3:34  SCV  
  33  3:36  Barracks Tech Lab  
  33  3:38  Cyclone x2  
  39  3:46  SCV  
  40  3:54  SCV  
  41  3:58  Stimpack, SCV  
  41  4:06  Command Center  
  41  4:13  Orbital Command  
  41  4:14  SCV  
  42  4:20  Widow Mine  
  42  4:21  Widow Mine  
  46  4:29  Orbital Command, Marine  
  46  4:31  SCV  
  48  4:43  SCV  
  48  4:45  Widow Mine  
  51  4:47  Widow Mine  
  53  4:54  SCV  
  53  4:55  SCV  
  55  5:06  Widow Mine  
  55  5:07  SCV x2  
  58  5:08  Widow Mine  
  61  5:15  Barracks  
  61  5:17  Barracks  
  61  5:19  Orbital Command, SCV x2  
  63  5:25  Engineering Bay x2  
  63  5:27  Marine  
  64  5:31  SCV x2  
  66  5:43  Starport, SCV  
  66  5:46  Refinery, SCV  
  66  5:47  Refinery, SCV  
  66  5:49  Marine  
  70  5:52  Factory Reactor  
  70  5:53  Terran Infantry Armor Level 1, Terran Infantry Weapons Level 1  
  70  5:55  SCV  
  71  5:58  SCV  
  71  6:02  Combat Shields  
  72  6:04  Barracks Tech Lab  
  72  6:06  Barracks  
  72  6:07  SCV  
  72  6:09  Barracks  
  72  6:11  SCV  
  74  6:14  Marine, Marauder  
  77  6:20  Orbital Command, Supply Depot, Marine, SCV  
  77  6:21  Supply Depot  
  79  6:26  Concussive Shells  
  79  6:27  Marauder  
  79  6:31  SCV  
  83  6:32  SCV  
  83  6:34  Factory Reactor  
  83  6:43  SCV  
  83  6:44  Marine x2, Marauder  
  83  6:45  Missile Turret  
  83  6:46  SCV  
  86  6:48  Missile Turret  
  86  6:50  Marauder  
  82  7:02  Barracks Tech Lab x2  
  82  7:03  SCV x3  
  82  7:05  Marauder  
  85  7:11  Marine  
  85  7:12  Marine, Marauder  
  85  7:15  SCV x2  
  91  7:16  SCV  
  91  7:18  Missile Turret  
  92  7:25  Medivac, Marauder x2  
  92  7:27  Marauder, SCV  
  101  7:32  Supply Depot  
  101  7:34  Armory  
  101  7:53  Medivac, Marine x2, SCV x2  
  101  7:54  Marauder  
  101  7:55  Widow Mine x2, Supply Depot, Marauder, SCV  
  116  8:01  Supply Depot  
  116  8:02  Supply Depot  
  116  8:04  Refinery  
  116  8:05  Refinery  
  116  8:06  SCV  
  117  8:15  Supply Depot  
  117  8:16  Supply Depot  
  117  8:17  Supply Depot, Marauder x3, SCV x2  
  125  8:22  Marine x2, Terran Infantry Weapons Level 2  
  125  8:23  Medivac, Marauder, SCV  
  125  8:26  Terran Infantry Armor Level 2  
  132  8:29  SCV x2  
  134  8:35  SCV  
  134  8:38  Medivac, Marine, Marauder  
  140  8:44  Supply Depot  
  140  8:47  Barracks  
  140  8:48  Barracks x2  
  140  8:52  Marine x2, Marauder  
  140  8:53  Marauder  
  146  8:56  Widow Mine  
  148  9:04  Marine  
  148  9:05  Medivac, Marauder  
  148  9:08  Medivac  
  155  9:11  Command Center  
  155  9:14  Marine  
  155  9:15  Marine, Marauder x2  
  147  9:27  Marine  
  147  9:28  Marauder  
  129  9:31  SCV  
  129  9:32  SCV  
  129  9:35  Medivac  
  129  9:36  Marine, Marauder  
  132  9:38  Medivac  
  132  9:43  Marine  
  132  9:44  Marauder  
  141  9:53  Widow Mine x2, Marine, Marauder  
  141  9:59  Marine, Marauder  
  147  10:01  Barracks Tech Lab x2, Marine  
  147  10:04  SCV  
  147  10:05  Marauder  
  151  10:11  Marauder  
  154  10:15  Marauder  
  154  10:16  SCV  
  154  10:17  Marine  
  154  10:19  Marine x2, Marauder  
  154  10:21  Barracks Reactor, Marauder  
  162  10:22  SCV x2  
  162  10:27  Marauder  
  162  10:28  SCV  
  167  10:30  Medivac x2  
  167  10:31  Widow Mine  
  167  10:34  Marine, SCV  
  167  10:35  Marine  
  175  10:36  Supply Depot, Marauder  
  175  10:40  Planetary Fortress  
  175  10:42  Terran Infantry Weapons Level 3  
  178  10:48  Marine  
  178  10:49  Marauder  
  181  10:55  Marine  
  181  10:56  Marauder  
  180  10:58  Marine, Marauder  
  179  11:04  Marine  
  179  11:05  Marauder  
  179  11:06  Marine, Marauder  
  179  11:08  Marine  
  179  11:10  Marauder, Terran Infantry Armor Level 3  
  185  11:11  Widow Mine x2  
  185  11:13  Marine  
  185  11:16  Marine  
  185  11:17  Marauder  
  190  11:20  Marauder  
  190  11:22  Marine, SCV  
  190  11:23  SCV x2  
  193  11:26  Marine, Marauder  
  193  11:32  Medivac x2  
  197  11:48  Marine, Marauder  
  197  11:49  Marine x2, Marauder  
  197  11:51  Marine  
  197  12:20  Marine x2, Marauder  
  197  12:21  Marine x2, Marauder x2  
  197  12:22  Widow Mine x2, Medivac  
  197  12:23  Marine  
  197  12:24  Marauder  
  196  12:31  Medivac, Marauder  
  183  12:38  Marine x2  
  183  12:41  Marine  
  183  12:42  Marauder x2  
  183  12:43  Marine  
  183  12:44  Marauder  
  188  12:45  Marauder x2  
  183  12:52  Medivac, Marine  
  183  12:55  Marine  
  183  12:56  Marine  
  183  12:58  Command Center  
  188  12:59  Marine  
  188  13:01  Marine  
  188  13:03  Marauder x2  
  188  13:05  Marauder  
  196  13:06  Marine, Marauder  
  196  13:10  Marine  
  196  13:13  Marine  
  196  13:14  Marine  
  196  13:18  Marine  
  169  13:20  Marine  
  169  13:24  Marauder x2  
  169  13:25  Widow Mine x2, Medivac x2, Marauder  
  169  13:26  Marauder  
  186  13:27  Marine  
  186  13:28  Marauder  
  186  13:31  Marine  
  186  13:32  Marine  
  189  13:45  Marauder  
  189  13:48  Marine x4, Marauder  
  187  13:49  Marine  
  187  13:50  Marine x2, Marauder  
  187  13:55  Medivac x2  
  195  13:57  Widow Mine x2  
  189  14:06  Marine x3  
  189  14:07  Marauder x2, Marine  
  189  14:08  Marine, Marauder  
  192  14:10  Marauder  
  192  14:12  Marauder  
  194  14:18  Widow Mine x2  
  194  14:24  Marine x2  
  200  14:37  Command Center, Planetary Fortress  
  187  14:53  Widow Mine x2  
  187  14:54  Marine x2, Marauder  
  187  14:56  Medivac, Marine, Marauder x2  
  187  14:57  Medivac  
  169  15:05  Marine  
  169  15:06  Marauder  
  164  15:07  Marine  
  164  15:08  Marauder  
  164  15:11  Marine  
  166  15:14  Widow Mine x2  
  166  15:15  Marauder  
  166  15:21  Marine, Marauder  
  173  15:22  Marine, Marauder  
  173  15:23  Marine  
  173  15:26  Medivac, Marauder  
  173  15:27  Medivac  
  173  15:28  Marauder  
  185  15:29  Marine x2  
  187  15:37  Marauder  
  187  15:39  Marine  
  187  15:40  Marine  
  189  15:43  Marauder, Marine  
  189  15:44  Marauder  
  189  15:47  Marauder x2, Marine  
  189  15:48  Widow Mine  
  197  15:54  Marauder  
  197  15:56  Medivac, Marine  
  197  15:57  Medivac, Marine  
  198  16:04  Marine  
  198  16:05  Marauder  
  176  16:12  Marine, Marauder  
  176  16:14  Marine x4, Marauder  
  176  16:15  Widow Mine, Marine  
  176  16:16  Widow Mine  
  172  16:22  Marine  
  166  16:26  Medivac, Marauder  
  170  16:33  Marine  
  170  16:36  Widow Mine  
  132  17:07  Missile Turret  
  123  17:09  Missile Turret  
Tags
 
Add a new tag
Caveats
  • Supply blocks, unpowered buildings, or Contaminate may cause inaccurate times.
  • Supply counts are checked every 10 seconds.